 Dungeon Crawl Stone Soup version 0.29-a0-321-gf1c400731a (console) character file.

Game seed: 5561268885534082582

3 Ignak the Stinger (level 1, 7/9 (13) HPs)
             Began as a Gnoll Venom Mage on Apr 4, 2022.
             Was a Follower of Elyvilon.
             Quit the game on level 1 of the Dungeon.
             The game lasted 00:01:09 (183 turns).

Ignak the Stinger (Gnoll Venom Mage)                 Turns: 183, Time: 00:01:09

HP:   7/9 (13)      AC:  2    Str:  7    XL:     1   Next: 50%
MP:   5/6           EV: 13    Int: 14    God:    Elyvilon [*.....]
Gold: 0             SH:  0    Dex: 12    Spells: 8/9 levels left

rFire   . . .      SeeInvis .   (no weapon)
rCold   . . .      Faith    .   (no shield)
rNeg    . . .      Spirit   .   a - +0 robe
rPois   .          Reflect  .   (no helmet)
rElec   .          Harm     .   (no cloak)
rCorr   .          Rampage  .   (no gloves)
Will    .....                   (no boots)
Stlth   ++........              (no amulet)
HPRegen 0.03/turn               (no ring)
MPRegen 0.10/turn               (no ring)

@: very heavily drained
A: fangs 1, strong nose, distributed training
a: Renounce Religion, Purification


You were on level 1 of the Dungeon.
You worshipped Elyvilon.
Elyvilon was aware of your devotion.
You visited 1 branch of the dungeon, and saw 1 of its levels.

Inventory:

Armour
 a - a +0 robe (worn)
Potions
 b - a potion of magic


   Skills:
 + Level 0.0 Fighting
 + Level 0.0 Short Blades
 + Level 0.0 Long Blades
 + Level 0.0 Axes
 + Level 0.0 Maces & Flails
 + Level 0.0 Polearms
 + Level 0.0 Staves
 + Level 0.0 Slings
 + Level 0.0 Bows
 + Level 0.0 Crossbows
 + Level 0.0 Throwing
 + Level 0.0 Armour
 + Level 4.4 Dodging
 + Level 4.0 Stealth
 + Level 0.0 Shields
 + Level 0.0 Unarmed Combat
 + Level 4.8 Spellcasting
 + Level 0.0 Conjurations
 + Level 0.0 Hexes
 + Level 0.0 Summonings
 + Level 0.0 Necromancy
 + Level 0.0 Translocations
 + Level 1.9 Transmutations
 + Level 0.0 Fire Magic
 + Level 0.0 Ice Magic
 + Level 0.0 Air Magic
 + Level 0.0 Earth Magic
 + Level 5.3 Poison Magic
 + Level 0.1 Invocations
 + Level 0.0 Evocations


You had 8 spell levels left.
You knew the following spells:

 Your Spells              Type           Power      Damage    Failure   Level
a - Sting                 Tmut/Pois      52%        1d5       4%          1

Your spell library contained the following spells:

 Spells                   Type           Power      Damage    Failure   Level
 Poisonous Vapours        Pois/Air       20%        N/A       9%          2
 Olgreb's Toxic Radiance  Pois           18%        N/A       21%         4
 Mephitic Cloud           Conj/Pois/Air  8%         N/A       26%         3


Dungeon Overview and Level Annotations

Branches:
Dungeon (1/15)

Altars:
Elyvilon


Innate Abilities, Weirdness & Mutations

You have very sharp teeth.
Your uncanny sense of smell can sniff out nearby items.
Your experience applies equally to all skills.


Message History

Press: ? - help, Q - select action Shift-Dir - straight line, f/p - spectral kobold
Aim: a spectral kobold (severely damaged, 83% to hit)
The sting hits the spectral kobold.
The spectral kobold partially resists.
The spectral kobold is almost destroyed.
The spectral kobold hits you but does no damage.
You hit the spectral kobold but do no damage.
The spectral kobold is almost destroyed.
The spectral kobold hits you but does no damage.
You hit the spectral kobold but do no damage.
The spectral kobold is almost destroyed.
The spectral kobold closely misses you.
You hit the spectral kobold but do no damage.
The spectral kobold is almost destroyed.
The spectral kobold hits you.
You feel drained.
You hit the spectral kobold but do no damage.
The spectral kobold is almost destroyed.
The spectral kobold hits you but does no damage.
You completely miss the spectral kobold.
Your punch misses the spectral kobold.
The spectral kobold is severely damaged.
The spectral kobold hits you but does no damage.
You hit the spectral kobold.
You destroy the spectral kobold!
Aiming: Sting (safe; 4% risk of failure)
Press: ? - help, Q - select action Shift-Dir - straight line, f - you That beam is likely to hit you.
Continue anyway?
Okay, then.
There is an open gate here.
You enter the shallow water.
Moving in this stuff is going to be slow.
There is a faded altar of an unknown god here.
There is a faded altar of an unknown god here.
You cannot tell which god this altar belongs to.
Convert to them anyway? [Y]es or [N]o only, please.
You cannot tell which god this altar belongs to.
Convert to them anyway?
Elyvilon accepts your prayer! Elyvilon welcomes you!
You can now purify yourself.
Okay, then.
Are you sure you want to abandon this character and quit the game? (Confirm with "yes".)

#...# ##..≈≈ ....####
##########..≈≈≈≈8#
#..........###≈.≈# #
#.######.≈##≈≈≈≈≈# .#
#.# #..#≈.≈≈.# ..# #.#
##.'≈.≈≈.#.≈.# #.#
#≈'.≈≈.@≈≈≈.# #.#
#.'≈≈≈≈≈#.≈.#
##.#######.#≈.≈..#≈..#
#.........≈≈#≈≈≈≈≈#.##
#...#####..≈####≈.#≈#
#...# ####≈≈≈≈.8# #
#...# ##.#### #...# ..
#...# #


There were no monsters in sight!

Vanquished Creatures
  A giant cockroach (D:1)
  A hobgoblin (D:1)
  A spectral kobold (D:1)
3 creatures vanquished.

Notes
Turn   | Place    | Note
-------+----------+-------------------------------------------
     0 | D:1      | Ignak the Gnoll Venom Mage began the quest for the Orb.
     0 | D:1      | Reached XP level 1. HP: 13/13 MP: 6/6
   117 | D:1      | Found a faded altar of an unknown god.
   182 | D:1      | Prayed at the altar of an unknown god.
   182 | D:1      | Became a worshipper of Elyvilon the Healer
   182 | D:1      | Reached * piety under Elyvilon
   183 | D:1      | Quit the game

Illustrated notes

Levels and vault maps discovered:
D:1:      scummos_arrival_simple_fountains, layout_basic,
          dreamdust_ecumenical_altar_drowned_temple

Action                   || total
-------------------------++-------
Melee: Unarmed           ||    39
       Bite              ||     4
 Cast: Sting             ||    13
Armor: Robe              ||    17
Dodge: Dodged            ||    24

Table legend: (Time is in decaauts)
 A = Elapsed time spent in this place.
 B = Non-inter-level travel time spent in this place.
 C = Inter-level travel time spent in this place.
 D = Time resting spent in this place.
 E = Time spent auto-exploring this place.
 F = Levels seen in this place.
 G = Mean time per level.
                   A        B        C        D        E       F      G
               +--------+--------+--------+--------+--------+-----+--------+
         Total |    184 |    184 |      0 |      0 |     93 |   1 |  184.0 |
       Dungeon |    184 |    184 |      0 |      0 |     93 |   1 |  184.0 |
               +--------+--------+--------+--------+--------+-----+--------+

Top non-repeatable levels by time:
     D:1: 184 daAuts
